 Dungeon Crawl Stone Soup version bcrawl-1.12-11-gb93c957c58 (console) character file.

Game seed: 13366769593533469964

284 CALLOUS the Skirmisher (level 6, -1/52 HPs)
             Began as a Mummy Fighter on June 30, 2019.
             Killed by divine providence
             ... invoked by an orc priest
              (8 damage)
             ... on level 4 of the Dungeon.
             The game lasted 00:52:06 (3172 turns).

CALLOUS the Skirmisher (Mummy Fighter)              Turns: 3172, Time: 00:52:07

Health: -1/52      AC: 11    Str: 19    XL:     6   Next: 7%
Magic:  10/10      EV:  5    Int:  7    God:
Gold:   320        SH:  9    Dex: 14    Spells: 11/11 levels left

rFire    x . .     SeeInvis .   b - +1 whip (venom)
rCold    + . .     Gourm    .   j - +0 shield
rNeg     + + +     Faith    .   y - +0 chain mail (curse)
rPois    ∞         Spirit   .   k - +0 helmet
rElec    .         Reflect  .   (no cloak)
rCorr    .         Harm     .   (no gloves)
MR       .....     Clarity  +   t - +0 pair of boots
Stlth    ..........             (no amulet)
HPRegen  0.17/turn              (no ring)
MPRegen  0.12/turn              (no ring)

@: no status effects
A: no food or potions, fire vulnerability, clarity, cold resistance 1, negative
energy resistance 3, torment resistance, unbreathing
a: no special abilities


You were on level 4 of the Dungeon.
You were not hungry.

You visited 1 branch of the dungeon, and saw 4 of its levels.

You collected 320 gold pieces.

Inventory:

Hand Weapons
 a - a +0 hunting sling
 b - a +1 whip of venom (weapon)
 n - a +0 quarterstaff
 r - a +0 trident
 s - a +0 dagger
 v - a +0 hand axe
 x - the +4 mace of the King {holy, Int+4, unknown}
   (You found it on level 4 of the Dungeon)

   It has been blessed by the Shining One to cause great damage to the undead
   and demons.
   It affects your intelligence (+4).
Missiles
 c - 854 arrows
 e - 839 stones (quivered)
 f - 45 sling bullets
 w - 70 tomahawks
 A - 119 bolts
Armour
 i - a +0 scale mail
 j - a +0 shield (worn)
 k - a +0 helmet (worn)
 m - a +0 ring mail
 p - a +0 leather armour
 q - a +0 robe
 t - a +0 pair of boots (worn)
 y - a cursed +0 chain mail (worn)
 z - a +2 hat
Jewellery
 d - an uncursed ring of fire {unknown}
 u - a cursed amulet of inaccuracy {unknown}
Scrolls
 g - a scroll of immolation {unknown}
 h - 4 scrolls of identify {unknown}
 l - 4 scrolls of teleportation {unknown}
 o - a scroll of amnesia {unknown}


   Skills:
 * Level 5.8 Fighting
 - Level 2.4 Armour
 + Level 1.2 Dodging
 - Level 2.4 Shields
 - Level 1.5 Unarmed Combat
 * Level 3.2 Spellcasting


You had 11 spell levels left.
You didn't know any spells.
Your spell library was empty.

Dungeon Overview and Level Annotations

Branches:
Dungeon (4/12)
 Temple: D:4-7

Altars:
Dithmenos
Gozag

Annotations:
D:1 1 runed door4jD
D:2 1 exclusion


Innate Abilities, Weirdness & Mutations

You do not eat or drink.
Your flesh is vulnerable to fire.
You are immune to poison.
You possess an exceptional clarity of mind.
Your flesh is cold resistant. (rC+)
You are immune to negative energy. (rN+++)
You are immune to unholy pain and torment.
You can survive without breathing.


Message History

The orc priest mumbles some strange prayers to Beogh against you.
Beogh smites you!
* * * LOW HITPOINT WARNING * * *
Firing (i - inventory. (/) - cycle)
f - 46 sling bullets (quivered)
Press: ? - help, Shift-Dir - straight line, f/p - orc priest
Aim: an orc priest, wielding a +0 short sword and wearing a cursed +0 leather armour (severely wounded)
You shoot a sling bullet.
The sling bullet completely misses the orc priest.
The orc barely misses you.
Wield which item (- for none, * to show all)? (? for menu, Esc to quit)
Your +1 whip of venom begins to drip with poison!
b - a +1 whip of venom (weapon)
The orc hits you but does no damage.
You hit the orc priest.
The orc priest is poisoned.
The orc priest is almost dead.
The orc priest hits you but does no damage.
The orc hits you but does no damage.
The orc priest calls down the wrath of Beogh upon you.
Beogh smites you!
You die...

...#####.........#
###.###### ##......##
##......!.# #..........# #
#..........# .###
#..........#
...###..........# #.
#..##..........# . #.
#.###........##
..##.###...@........)#
...........oo.........#
......................####
#...##.....................
#..........................
.##.#..%..................
....#...............######
#.......[....###...#
#.#?...<....## #...#
...#..........# #...#
.##............# #####


You could see an orc priest and an orc.

Vanquished Creatures
  A crimson imp (D:4)
  A jelly (D:3)
  An orc priest (D:3)
  2 orc wizards
  A worker ant (D:3)
  An adder (D:2)
  3 worms
  3 dart slugs
  6 leopard geckos
  14 orcs
  A ball python (D:1)
  3 bats
  4 giant cockroaches
  9 hobgoblins
  3 jackals (D:3)
  6 kobolds
  A quokka (D:2)
  A frilled lizard (D:3)
  5 goblins
  4 rats
70 creatures vanquished.

Notes
Turn   | Place    | Note
-------+----------+-------------------------------------------
     0 | D:1      | CALLOUS the Mummy Fighter began the quest for the Orb.
     0 | D:1      | Reached XP level 1. HP: 18/18 MP: 1/1
     0 | D:1      | Noticed a jelly
     3 | D:1      | Found a runed door.
   210 | D:1      | Reached XP level 2. HP: 24/24 MP: 2/2
  1054 | D:2      | Reached skill level 1 in Spellcasting
  1127 | D:2      | Reached skill level 4 in Fighting
  1129 | D:2      | Reached XP level 3. HP: 30/30 MP: 4/4
  1600 | D:2      | Reached XP level 4. HP: 32/38 MP: 6/6
  1865 | D:3      | Found a shadowy altar of Dithmenos.
  1969 | D:3      | Reached skill level 5 in Fighting
  2125 | D:3      | Reached XP level 5. HP: 43/44 MP: 8/8
  2576 | D:3      | Found an opulent altar of Gozag.
  2860 | D:3      | Reached skill level 1 in Dodging
  2905 | D:4      | Got a faintly glowing mace
  3046 | D:4      | Reached XP level 6. HP: 36/52 MP: 10/10
  3172 | D:4      | Killed from afar by an orc priest

Skill      XL: |  1  2  3  4  5 |
---------------+----------------+-----
Spellcasting   | 1 2 3 |  3.2
Fighting       | 4 5 |  5.8
Dodging        | 1 |  1.2
Armour         | |  2.4
Shields        | |  2.4
Unarmed Combat | |  1.5

Action                   |  1- 3 |  4- 6 || total
-------------------------+-------+-------++-------
Melee: Unarmed           |   139 |     1 ||   140
       Whip              |       |    65 ||    65
 Fire: Hunting sling     |    68 |    82 ||   150
Throw: Stone             |    21 |     1 ||    22
Armor: Scale mail        |    43 |    15 ||    58
       Chain mail        |       |    21 ||    21
Dodge: Dodged            |    38 |    22 ||    60
Block: Shield            |    56 |    31 ||    87
